 Dungeon Crawl Stone Soup version 0.28.0-43-g3370ac3207 (webtiles) character file.

Game seed: 10465059698068284849

142702 boopmooplesden the Warrior (level 16, -27/157 HPs)
             Began as a Minotaur Berserker on Mar 31, 2022.
             Was a High Priest of Trog.
             Killed from afar by a deep elf annihilator (48 damage)
             ... with a crystal spear
             ... on level 3 of the Elven Halls.
             The game lasted 00:52:14 (24238 turns).

boopmooplesden the Warrior (Minotaur Berserker)    Turns: 24238, Time: 00:52:15

Health: -27/157    AC: 36    Str: 33    XL:     16   Next: 81%
Magic:  15/15      EV: 16    Int:  8    God:    Trog [*****.]
Gold:   1792       SH:  9    Dex: 15    Spells: 15/15 levels left

rFire   + + .      SeeInvis +   n - +5 trident of the Mind {flame, rElec Dex+2 SInv}
rCold   + . .      Faith    .   I - +2 buckler "Yzusoq" {rF++}
rNeg    . . .      Spirit   .   G - +9 plate armour of Unreason {Str+4}
rPois   .          Reflect  .   f - +2 hat
rElec   +          Harm     +   L - scarf {repulsion}
rCorr   +          Rampage  .   P - +2 pair of gloves of Noon {Harm Int+2}
Will    +....                   l - +2 pair of boots
Stlth   ..........              z - amulet "Wunucus" {Drain Regen+ rCorr Str+4}
HPRegen 1.16/turn               i - +4 ring of evasion
MPRegen 0.14/turn               d - ring of protection from cold

@: about to teleport, on berserk cooldown, slowed, invisible, repel missiles,
very slow
A: horns 2, retaliatory headbutt
a: Renounce Religion, Berserk, Trog's Hand, Brothers in Arms


You were on level 3 of the Elven Halls.
You worshipped Trog.
Trog was extremely pleased with you.
You visited 4 branches of the dungeon, and saw 23 of its levels.
You visited the Abyss 1 time.
You also visited: Ice Cave.

You collected 2863 gold pieces.
You spent 1071 gold pieces at shops.

Inventory:

Hand Weapons
 e - the +8 falchion of Buhufih {vamp, +Blink Dex+4 SInv}
   (You found it on level 5 of the Dungeon)

   It occasionally heals its wielder for a portion of the damage dealt when it
   wounds a living foe.
   Dex:       It affects your dexterity (+4).
   SInv:      It lets you see invisible.
   +Blink:    It lets you blink.
 h - a +5 antimagic triple sword
 n - the +5 trident of the Mind (weapon) {flame, rElec Dex+2 SInv}
   (You bought it in a shop on level 2 of the Orcish Mines)

   It burns those it strikes, dealing additional fire damage.
   Dex:       It affects your dexterity (+2).
   rElec:     It insulates you from electricity.
   SInv:      It lets you see invisible.
 s - the +5 rapier "Lolaid" {flame, rF+}
   (Trog gifted it to you on level 1 of the Elven Halls)

   It burns those it strikes, dealing additional fire damage.
   rF:        It protects you from fire.
 B - the +3 scythe of Magnificence {vamp, *Rage rElec rC+ Will+}
   (You found it on level 7 of the Dungeon)

   It occasionally heals its wielder for a portion of the damage dealt when it
   wounds a living foe.
   rC:        It protects you from cold.
   rElec:     It insulates you from electricity.
   *Rage:     It berserks you when you make melee attacks (+20% chance).
   Will:      It increases your willpower.
 D - a +5 vorpal executioner's axe
 H - the +8 rapier "Zeilakapt" {flame, Int+5 Stlth+}
   (You found it on level 10 of the Dungeon)

   It burns those it strikes, dealing additional fire damage.
   Int:       It affects your intelligence (+5).
   Stlth:     It makes you more stealthy.
 K - the +5 spear "Bohegill" {spect, rN++ Str+4}
   (You found it on level 11 of the Dungeon)

   When its wielder attacks, the weapon's spirit leaps out and strikes again.
   The spirit shares a part of any damage it takes with its wielder.
   Str:       It affects your strength (+4).
   rN:        It greatly protects you from negative energy.
Missiles
 m - a throwing net (quivered)
Armour
 f - a +2 hat (worn)
 l - a +2 pair of boots (worn)
 G - the +9 plate armour of Unreason (worn) {Str+4}
   (You acquired it on level 6 of the Lair of Beasts)

   Str:       It affects your strength (+4).
 I - the +2 buckler "Yzusoq" (worn) {rF++}
   (You acquired it in an ice cave)

   rF:        It greatly protects you from fire.
 L - a scarf of repulsion (worn)
 P - the +2 pair of gloves of Noon (worn) {Harm Int+2}
   (You bought it in a shop on level 8 of the Dungeon)

   Int:       It affects your intelligence (+2).
   Harm:      It increases damage dealt and taken.
Jewellery
 b - a +6 ring of intelligence
 d - a ring of protection from cold (right hand)
 i - a +4 ring of evasion (left hand)
 q - an amulet of faith
 u - the amulet of Poeff {Acrobat Regen+}
   (You found it on level 3 of the Elven Halls)

   [amulet of the acrobat]

   It increases your evasion while moving and waiting.
   Regen:     It increases your rate of health regeneration.
 z - the amulet "Wunucus" (around neck) {Drain Regen+ rCorr Str+4}
   (You took it off an orc warrior on level 7 of the Dungeon)

   [amulet of regeneration]

   Str:       It affects your strength (+4).
   Regen:     It increases your rate of health regeneration.
   rCorr:     It protects you from acid and corrosion.
   Drain:     It drains your maximum health when unequipped.
 E - a +4 ring of evasion
 O - a +6 ring of intelligence
 Q - an amulet of the acrobat
 S - a ring of positive energy
 X - a +4 ring of evasion
 Y - a ring of flight
 Z - an amulet of magic regeneration
Wands
 a - a wand of iceblast (12)
 g - a wand of mindburst (7)
 r - a wand of paralysis (13)
 v - a wand of flame (19)
 F - a wand of digging (2)
 N - a wand of polymorph (2)
 T - a wand of charming (10)
Scrolls
 k - a scroll of blinking
 o - 7 scrolls of enchant armour
 w - 3 scrolls of enchant weapon
 x - 14 scrolls of identify
 y - 7 scrolls of fog
 J - 8 scrolls of teleportation
 M - 2 scrolls of magic mapping
 R - a scroll of holy word
Potions
 c - 6 potions of heal wounds
 j - 8 potions of curing
 p - 4 potions of might
 t - 2 potions of berserk rage
 V - a potion of invisibility
 W - 9 potions of ambrosia
Miscellaneous
 A - a tin of tremorstones (inert)
 C - a lightning rod (1/4)
 U - a condenser vane (inert)


   Skills:
 + Level 17.7 Fighting
 + Level 13.7(17.3) Axes
 + Level 17.0(18.9) Polearms
 + Level 17.5 Armour
 + Level 8.0 Dodging
 + Level 5.8 Stealth
 + Level 13.2 Shields
 + Level 1.7 Evocations


You had 15 spell levels left.
You didn't know any spells.
Your spell library was empty.

Dungeon Overview and Level Annotations

Branches:
Dungeon (12/15)            Temple (0/1) D:4            Lair (6/6) D:10
 Shoals (0/4) Lair:4       Spider (0/4) Lair:4        Slime (0/5) Lair:5
    Orc (2/2) D:10            Elf (3/3) Orc:2         IceCv (visited)

Altars:
Ashenzari
Cheibriados
Dithmenos
Elyvilon
Kikubaaqudgha
Qazlal
Sif Muna
Xom
The Shining One
Beogh

Shops:
D:1 *   D:3 !   D:4 *   D:8 (?![   Orc:2 ((?[*(?(   Elf:1 =:   Elf:2 [[=

Annotations:
D:7 2 runed translucent doors
D:11 3 runed translucent doors, jimonade's ghost, journeyman GnWn
Lair:3 exclusion: oklob plant
Lair:5 exclusion: 2 oklob plants


Innate Abilities, Weirdness & Mutations

You have a pair of horns on your head.
You reflexively headbutt those who attack you in melee.


Message History

The deep elf sorcerer dies!
Trog accepts your kill.
Trog appreciates your killing of a magic user.
The +2 long sword of protection hits you.
* * * LOW HITPOINT WARNING * * *
The deep elf high priest shoots an arrow.
You block the arrow.
Your stone giant misses the +2 long sword of protection.
The +2 long sword of protection barely misses you.
The deep elf high priest shoots an arrow.
The arrow hits the deep elf annihilator!
As you read the scroll of teleportation, it crumbles to dust.
You feel strangely unstable.
You block the +2 long sword of protection's attack.
Your stone giant barely misses the +2 long sword of protection.
The +2 long sword of protection hits you but does no damage.
Your stone giant misses the +2 long sword of protection.
The deep elf high priest mumbles some strange prayers to its god against you.
Something smites you!
* * * LOW HITPOINT WARNING * * *
The deep elf high priest shoots an arrow.
The arrow barely misses the deep elf pyromancer.
The arrow hits the deep elf annihilator!
You completely miss the deep elf annihilator.
Your headbutt misses the deep elf annihilator.
The deep elf annihilator is moderately wounded.
You block the +2 long sword of protection's attack.
Your stone giant hits the +2 long sword of protection but does no damage.
You block the +2 long sword of protection's attack.
Your stone giant barely misses the +2 long sword of protection.
You impale the deep elf annihilator!! You burn the deep elf annihilator.
The deep elf annihilator is severely wounded.
The +2 long sword of protection hits you but does no damage.
The deep elf high priest shoots an arrow.
The arrow misses the deep elf knight.
The arrow hits the deep elf annihilator!
Your stone giant hits the +2 long sword of protection but does no damage.
The deep elf annihilator points at you and mumbles some strange words.
The crystal spear hits you!!!
You die...

##.....e ##......#
.###.......#
.........e#
......ee.#
.....eeee# ...
....4eeee# ....
.(....#e#######'#
#######)@.......###
#..C(.........#
#.............#
##.............##
##...)...........##
#.......###.......#
#(...[.## ##......#
#.....## ##)....#
#.....# #.....#


You could see a deep elf master archer, a deep elf annihilator, a deep elf
demonologist, a deep elf knight, 3 deep elf high priests, 2 deep elf
pyromancers, a +2 long sword of protection (ally target) and a friendly stone
giant (summoned, berserk).

Vanquished Creatures
  2 deep elf blademasters
  An orc warlord (Orc:1)
  4 deep elf sorcerers
  2 deep elf demonologists (Elf:3)
  Azrael (D:12)
  5 deep elf annihilators (Elf:3)
  Snorg (D:10)
  A dire elephant (Lair:6)
  Josephine (D:10)
  2 deep elf death magi (Elf:3)
  A deep elf high priest (Elf:3)
  A centaur warrior (D:12)
  2 boulder beetles
  2 catoblepae
  5 hydras
  A death knight (Abyss:3)
  Erolcha (D:9)
  4 two-headed ogres
  29 dancing weapons
  A deep troll shaman (Lair:6)
  A thrashing horror (Abyss:3)
  3 orc high priests (Orc:2)
  9 death yaks (Lair:6)
  13 deep elf knights
  A sixfirhy (Abyss:3)
  A large abomination (Abyss:3)
  A shadow demon (Abyss:3)
  11 deep elf archers
  A flayed ghost (Abyss:3)
  An orange crystal statue (Elf:3)
  26 deep elf pyromancers
  31 deep elf zephyrmancers
  5 orc knights (Orc:2)
  3 ugly things
  2 cyclopes (D:11)
  A phantasmal warrior (Abyss:3)
  A lindwurm (Lair:6)
  5 orc sorcerers
  2 manticores
  6 elephants
  A worldbinder (Abyss:3)
  5 black mambas
  Joseph (Lair:1)
  A black mamba (shapeshifter) (Abyss:3)
  Maurice (D:9)
  A smoke demon (Abyss:3)
  3 ice statues (IceCv)
  11 cane toads
  A cane toad (shapeshifter) (Elf:2)
  A hellion (Abyss:3)
  An unseen horror (D:8)
  5 komodo dragons
  A freezing wraith (IceCv)
  3 rime drakes
  2 yaktaurs (shapeshifter)
  2 ice devils (Lair:2)
  A queen bee (Lair:5)
  A wind drake (Lair:4)
  3 trolls
  Prince Ribbit (D:8)
  13 blink frogs
  3 meliai (Lair:5)
  6 slime creatures (D:12)
  A raiju (Abyss:3)
  4 dream sheep (Lair:6)
  3 air elementals
  A shadow (D:12)
  A ynoxinul (Abyss:3)
  Sigmund (D:4)
  4 basilisks
  A dire elephant simulacrum (IceCv)
  7 wraiths
  8 wyverns
  41 yaks
  7 fire elementals
  5 vampire mosquitoes
  A neqoxec (Abyss:3)
  3 water elementals
  2 redbacks (Lair:4)
  A steam dragon (D:7)
  A harpy simulacrum (IceCv)
  20 water moccasins
  6 wargs
  2 hell hounds (D:12)
  2 sky beasts
  A swamp drake (Orc:2)
  An ice beast (D:7)
  24 orc warriors
  3 black bears
  2 small abominations (Abyss:3)
  6 ogres
  2 necrophages
  21 wolves
  3 centaurs
  2 kobold brigands
  12 bullfrogs
  Blork the orc (D:4)
  3 earth elementals
  2 cane toad simulacra (IceCv)
  3 scorpions
  3 gnoll sergeants
  An elephant simulacrum (IceCv)
  27 killer bees
  9 wights
  2 electric eels (D:10)
  6 howler monkeys
  A crimson imp (Orc:2)
  2 hounds
  2 jellies
  3 centaur zombies
  18 orc priests
  An iron imp (Orc:2)
  A bullfrog skeleton (D:5)
  5 centaur skeletons
  8 iguanas
  20 orc wizards
  2 wolf simulacra (IceCv)
  16 gnolls
  11 adders
  2 shadow imps
  5 white imps
  3 ufetubi
  A worm (D:3)
  5 dart slugs
  71 orcs
  6 ball pythons
  6 bats
  5 endoplasms
  5 giant cockroaches
  12 goblins
  6 hobgoblins
  6 jackals
  19 kobolds
  4 quokkas
  8 frilled lizards
  4 rats
  A spectral goblin (D:1)
774 creatures vanquished.

Vanquished Creatures (collateral kills)
  A deep elf blademaster (Elf:3)
  4 deep elf sorcerers (Elf:3)
  A deep elf elementalist (Elf:3)
  A deep elf annihilator (Elf:3)
  A shadow demon (Abyss:3)
  A worldbinder (Abyss:3)
  A hellion (Abyss:3)
10 creatures vanquished.

Vanquished Creatures (others)
  A deep elf master archer (Elf:3)
  A deep elf demonologist (Elf:3)
  A deep elf annihilator (Elf:3)
  3 deep elf death magi (Elf:3)
  A dancing weapon (Elf:2)
  2 deep elf knights (Elf:3)
  A deep elf zephyrmancer (Elf:3)
  19 fungi
  30 plants
59 creatures vanquished.

Grand Total: 843 creatures vanquished

Notes
Turn   | Place    | Note
-------+----------+-------------------------------------------
     0 | D:1      | boopmooplesden the Minotaur Berserker began the quest for
                  | the Orb.
     0 | D:1      | Reached XP level 1. HP: 19/19 MP: 0/0
   179 | D:1      | Reached XP level 2. HP: 18/27 MP: 1/1
   335 | D:1      | Found Taivuef's General Store.
   668 | D:1      | Reached XP level 3. HP: 33/33 MP: 2/2
   698 | D:1      | Found a faded altar of an unknown god.
  1339 | D:2      | Reached XP level 4. HP: 30/41 MP: 3/3
  1502 | D:2      | Reached ** piety under Trog
  1778 | D:2      | Reached skill level 5 in Axes
  2388 | D:3      | Found Puyrph's Distillery.
  2428 | D:3      | Reached XP level 5. HP: 20/47 MP: 4/4
  3087 | D:4      | Found Cusuder Qauf's General Store.
  3200 | D:4      | Noticed Sigmund
  3211 | D:4      | Killed Sigmund
  3212 | D:4      | Reached skill level 5 in Fighting
  3212 | D:4      | Reached XP level 6. HP: 56/56 MP: 5/5
  3225 | D:4      | Found a staircase to the Ecumenical Temple.
  3265 | D:4      | Noticed Blork the orc
  3269 | D:4      | Killed Blork the orc
  3467 | D:4      | Identified the +3 leather armour of Stoicism {rCorr}
  3580 | D:5      | Entered Level 5 of the Dungeon
  3696 | D:5      | Identified the +8 falchion of Buhufih {vamp, +Blink Dex+4
                  | SInv}
  3700 | D:5      | Reached *** piety under Trog
  3704 | D:5      | Reached XP level 7. HP: 61/61 MP: 6/6
  3903 | D:5      | Noticed a troll
  3910 | D:5      | Killed a troll
  3911 | D:5      | Reached skill level 5 in Armour
  4179 | D:5      | Found a broken altar of Ashenzari.
  4305 | D:6      | Reached XP level 8. HP: 70/70 MP: 7/7
  4482 | D:6      | Reached skill level 10 in Axes
  4539 | D:6      | Identified the +0 leather armour "Udwiar" {rN+++ Will+
                  | Int-4}
  4827 | D:6      | Reached skill level 5 in Dodging
  5275 | D:7      | Reached XP level 9. HP: 78/78 MP: 8/8
  5495 | D:7      | Found a large runed translucent door.
  5496 | D:7      | Found a large runed translucent door.
  5499 | D:7      | Noticed a two-headed ogre
  5598 | D:7      | Found a large runed translucent door.
  5598 | D:7      | Found a large runed translucent door.
  5600 | D:7      | Identified the amulet "Wunucus" {Drain Regen+ rCorr Str+4}
  5616 | D:7      | Killed a two-headed ogre
  5617 | D:7      | Reached skill level 1 in Stealth
  5619 | D:7      | Reached **** piety under Trog
  5807 | D:7      | Noticed a two-headed ogre
  5814 | D:7      | Killed a two-headed ogre
  6065 | D:7      | Reached XP level 10. HP: 90/90 MP: 9/9
  6072 | D:7      | Identified the +3 scythe of Magnificence {vamp, *Rage rElec
                  | rC+ Will+}
  6666 | D:8      | Found Poadaluk's Distillery.
  6679 | D:8      | Found Goygil's Weapon Shop.
  6683 | D:8      | Found Mine's Antique Armour Shop.
  6684 | D:8      | Found Junueg's Magic Scroll Shop.
  6706 | D:8      | Reached skill level 1 in Polearms
  6719 | D:8      | Noticed Prince Ribbit
  6727 | D:8      | Killed Prince Ribbit
  6889 | D:8      | Noticed a red ugly thing
  6899 | D:8      | Killed a red ugly thing
  8585 | D:9      | Noticed Erolcha
  8594 | D:9      | Killed Erolcha
  8595 | D:9      | Reached skill level 5 in Polearms
  8676 | D:9      | Noticed Maurice
  8685 | D:9      | Killed Maurice
  8771 | D:9      | Found a stormy altar of Qazlal.
  8899 | D:9      | Reached XP level 11. HP: 99/99 MP: 10/10
  9101 | D:10     | Entered Level 10 of the Dungeon
  9112 | D:10     | Noticed Josephine
  9125 | D:10     | Reached skill level 10 in Fighting
  9131 | D:10     | Killed Josephine
  9148 | D:10     | Reached ***** piety under Trog
  9190 | D:10     | Received a gift from Trog
  9270 | D:10     | Noticed a two-headed ogre
  9513 | D:10     | Killed a two-headed ogre
  9548 | D:10     | Found a shimmering blue altar of Sif Muna.
  9555 | D:10     | Identified the +8 rapier "Zeilakapt" {flame, Int+5 Stlth+}
  9742 | D:10     | Found a staircase to the Lair.
  9760 | D:10     | Noticed Snorg
  9772 | D:10     | Killed Snorg
  9773 | D:10     | Reached skill level 10 in Polearms
  9956 | D:10     | Found a staircase to the Orcish Mines.
 10027 | D:10     | Found a glowing golden altar of the Shining One.
 10088 | D:10     | Found a shadowy altar of Dithmenos.
 10091 | D:10     | Found a snail-covered altar of Cheibriados.
 10091 | D:10     | Found a white marble altar of Elyvilon.
 10318 | D:11     | Noticed a fire giant
 10319 | D:11     | Found a runed translucent gate.
 10319 | D:11     | Noticed a tengu warrior
 10320 | D:11     | Noticed jimonade's ghost (journeyman GnWn)
 10341 | D:11     | Found a runed translucent gate.
 10343 | D:11     | Found a runed translucent gate.
 10370 | D:11     | Identified the +5 spear "Bohegill" {spect, rN++ Str+4}
 11143 | D:12     | Reached XP level 12. HP: 110/110 MP: 11/11
 11161 | D:12     | Received a gift from Trog
 11226 | D:12     | Noticed a two-headed ogre
 11235 | D:12     | Killed a two-headed ogre
 11296 | D:12     | Noticed a centaur warrior
 11314 | D:12     | Killed a centaur warrior
 11641 | D:12     | Noticed Azrael
 11656 | D:12     | Killed Azrael
 11842 | Lair:1   | Entered Level 1 of the Lair of Beasts
 11901 | Lair:1   | Noticed an eight-headed hydra
 11915 | Lair:1   | Killed a nine-headed hydra
 12061 | Lair:1   | Noticed Joseph
 12077 | Lair:1   | Killed Joseph
 12223 | D:8      | Bought a pair of pitted gloves for 266 gold pieces
 12223 | D:8      | Identified the +2 pair of gloves of Noon {Harm Int+2} (You
                  | bought it in a shop on level 8 of the Dungeon)
 12333 | Lair:1   | Noticed a six-headed hydra
 12342 | Lair:1   | Killed a six-headed hydra
 12883 | Lair:2   | Reached skill level 10 in Armour
 13052 | Lair:2   | Reached XP level 13. HP: 108/122 MP: 12/12
 13210 | Lair:2   | Found a frozen archway.
 13235 | IceCv    | Entered an ice cave
 13285 | IceCv    | Identified a scroll of acquirement
 13286 | IceCv    | Acquired the +2 buckler "Yzusoq" {rF++}
 14926 | Lair:3   | You fall into a shaft and drop 2 floors!
 14967 | Lair:5   | Found a staircase to the Slime Pits.
 15113 | Lair:5   | Reached skill level 1 in Shields
 15189 | Lair:4   | Found a staircase to the Shoals.
 15209 | Lair:4   | Reached skill level 1 in Evocations
 15490 | Lair:4   | Found a hole to the Spider Nest.
 17638 | Lair:6   | Entered Level 6 of the Lair of Beasts
 17659 | Lair:6   | Reached XP level 14. HP: 133/133 MP: 13/13
 17794 | Lair:6   | Received a gift from Trog
 17884 | Lair:6   | Acquired the +9 plate armour of Unreason {Str+4}
 17940 | Lair:6   | Reached skill level 5 in Shields
 18648 | Orc:1    | Entered Level 1 of the Orcish Mines
 18660 | Orc:1    | Reached skill level 15 in Fighting
 18751 | Orc:2    | Entered Level 2 of the Orcish Mines
 18751 | Orc:2    | Found a staircase to the Elven Halls.
 18766 | Orc:2    | Reached skill level 15 in Polearms
 18886 | Orc:2    | Found Vutzun's Weapon Boutique.
 19014 | Orc:2    | Found Difut's Magic Scroll Shoppe.
 19201 | Orc:2    | Reached ****** piety under Trog
 19215 | Orc:2    | Received a gift from Trog
 19328 | Orc:2    | Found Roigol's Weapon Shop.
 19333 | Orc:2    | Bought the +5 trident of the Mind {flame, rElec Dex+2 SInv}
                  | for 805 gold pieces
 19440 | Orc:2    | Found Geghajir's Weapon Emporium.
 19621 | Orc:2    | Found Doufir's Weapon Shoppe.
 19621 | Orc:2    | Found Uvyigh's General Store.
 19632 | Orc:2    | Found Wytoa's Antique Armour Shoppe.
 19632 | Orc:2    | Found Memybby's Magic Scroll Shop.
 19863 | Orc:1    | Noticed an orc warlord
 20217 | Orc:1    | Killed an orc warlord
 20218 | Orc:1    | Reached skill level 5 in Stealth
 20544 | Elf:1    | Entered Level 1 of the Elven Halls
 20558 | Elf:1    | Identified the +5 rapier "Lolaid" {flame, rF+} (Trog gifted
                  | it to you on level 1 of the Elven Halls)
 20558 | Elf:1    | Received a gift from Trog
 20630 | Elf:1    | Reached XP level 15. HP: 141/141 MP: 14/14
 20763 | Elf:1    | Reached skill level 15 in Armour
 21100 | Elf:1    | Found an ancient bone altar of Kikubaaqudgha.
 21143 | Elf:1    | Paralysed by an air elemental for 1 turns
 21145 | Elf:1    | Found Piahuynaeb's Jewellery Shoppe.
 21269 | Elf:1    | Found Weehoec's Book Emporium.
 21549 | Elf:2    | Found Ihuy's Jewellery Shop.
 21551 | Elf:2    | Found Zisuff's Armour Boutique.
 21553 | Elf:2    | Found Zeopyn's Antique Armour Shop.
 21673 | Elf:2    | Reached skill level 10 in Shields
 21865 | Elf:2    | Found a huge runed translucent gate.
 21865 | Elf:2    | Found a huge runed translucent gate.
 21866 | Elf:2    | Found a huge runed translucent gate.
 21867 | Elf:2    | Found a huge runed translucent gate.
 21868 | Elf:2    | Found a huge runed translucent gate.
 21935 | Elf:2    | Noticed a deep elf blademaster
 21946 | Elf:2    | Killed a deep elf blademaster
 21993 | Elf:2    | Received a gift from Trog
 22279 | Elf:3    | Entered Level 3 of the Elven Halls
 22340 | Elf:3    | Identified the amulet of Poeff {Acrobat Regen+}
 22480 | Elf:3    | Reached XP level 16. HP: 152/152 MP: 15/15
 22725 | Elf:2    | Found a shimmering altar of Xom.
 23426 | Elf:3    | Received a gift from Trog
 23521 | Elf:3    | Noticed a deep elf blademaster
 23852 | Elf:3    | Killed a deep elf blademaster
 23863 | Elf:3    | Noticed a deep elf blademaster
 23875 | Elf:3    | Killed a deep elf blademaster
 23888 | Elf:3    | Cast into level 3 of the Abyss (a deep elf demonologist)
 23888 | Abyss:3  | Found a corrupted altar of Lugonu.
 24194 | Elf:3    | Escaped the Abyss
 24214 | Elf:3    | Noticed a deep elf master archer
 24214 | Elf:3    | Identified the amulet "Kaine" {Acrobat rC+ Int+4}
 24215 | Elf:3    | Noticed a deep elf master archer
 24229 | Elf:3    | Noticed a deep elf master archer
 24233 | Elf:3    | Killed a deep elf master archer
 24238 | Elf:3    | Killed from afar by a deep elf annihilator

Illustrated notes

Levels and vault maps discovered:
D:1:      grunt_arrival_crossed_arrows, layout_loops_ring,
          dreamdust_ecumenical_altar_drowned_temple, serial_shops, shop
D:2:      minmay_inner_zag, layout_basic
D:3:      layout_basic, serial_shops, nicolae_shop_competitors_out_of_business,
          grunt_ministairs_6
D:4:      layout_cave_pools, minmay_temple_entry_tees, serial_shops, shop,
          uniq_sigmund, uniq_blork_the_orc
D:5:      layout_rooms, marbit_many_paths
D:6:      layout_cave_pools
D:7:      layout_loops_corners, minmay_hollow_rounded_squares
D:8:      layout_layer_cave, minmay_shop_grid_forest, hex_tiny,
          minmay_misc_feat_enclosed, kb_rosetta, uniq_prince_ribbit1
D:9:      layout_loops_ring, nicolae_overflow_crystal_walls,
          kennysheep_generic_room_10, uniq_maurice, uniq_erolcha
D:10:     layout_long_grid, nicolae_overflow_hallway_of_the_gods,
          lair_entry_dummy, erik_orc_2, serial_rivers,
          chequers_serial_rivers_small_3, chequers_serial_rivers_room_a,
          chequers_serial_rivers_large_a, chequers_serial_rivers_micro_b,
          uniq_snorg, uniq_josephine
D:11:     layout_loops_ring, gammafunk_ghost_split
D:12:     layout_long_grid, uniq_azrael
Lair:1:   layout_hall_layers, serial_bayou_shore_b, lemuel_fruit_fields,
          uniq_joseph
Lair:2:   layout_layer_cave, portal_ice_cave_demonic_guard, lemuel_fruit_tree
Lair:3:   layout_loops_ring, st_stairs_4, minmay_lair_oklob_bushes
Lair:4:   layout_roguey, minmay_shoals_entry_beasts, spider_nest_entry_webs,
          grunt_forest_small_clearings, grunt_megastairs_5
Lair:5:   layout_cave_pods, minmay_slime_entry_oklob_open, special_room
          [special_room_bee], bobbens_ice_dragon_lair,
          infiniplex_staircase_pool_2
Lair:6:   grunt_lair_end_beastmaster, layout_misc_corridors
Orc:1:    layout_caves, basic_altar
Orc:2:    grunt_orc_tribal_feast, layout_caves, serial_shops,
          nicolae_shop_bloodbath_and_beyond, nicolae_lakefront_shop,
          nicolae_square_shop, nicolae_shop_hallway_plus, hangedman_minor_magic
Elf:1:    eino_elf_arrival_the_gate, layout_geoelf_grid, basic_altar,
          serial_shops, shop, shop, hangedman_elven_crosses_minicolossus
Elf:2:    elven_hall_of_blades_hangedman_alternative [mumra_blade_entry_dagger],
          layout_loops_corners, basic_altar, nicolae_elf_crossing_hall,
          minmay_shop_star
Elf:3:    nooodl_elf_gasket, layout_geoelf_octagon, minivault_15, st_stairs_2,
          nicolae_elf_big_sculpture_1, minmay_the_grid_square_5x5_3x3_mashed
          [minmay_the_grid_square_5x5_comb,
          minmay_the_grid_square_5x5_trominoes,
          minmay_the_grid_square_5x5_gyroscope,
          minmay_the_grid_square_5x5_longway,
          minmay_the_grid_square_5x5_megaprize_hollow,
          minmay_the_grid_square_5x5_v,
          minmay_the_grid_square_5x5_checkered_statues,
          minmay_the_grid_square_5x5_three_walls,
          minmay_the_grid_square_5x5_inset]

Skill      XL: |  1  2  3  4  5  6  7  8  9 10 11 12 13 14 15 16 |
---------------+-------------------------------------------------+-----
Fighting       | 4 5 6 8 9 11 13 14 15 16 17 | 17.7
Axes           | 4 5 6 7 9 11 13 | 13.7
Armour         | 3 4 5 6 8 10 13 14 16 17 | 17.5
Dodging        | 3 4 5 6 7 8 |  8.0
Stealth        | 1 2 3 5 |  5.8
Polearms       | 6 11 13 14 15 16 17 | 17.0
Shields        | 3 8 11 13 | 13.2
Evocations     | 1 |  1.7

Action                   |  1- 3 |  4- 6 |  7- 9 | 10-12 | 13-15 | 16-18 || total
-------------------------+-------+-------+-------+-------+-------+-------++-------
Melee: Hand axe          |    49 |       |       |       |       |       ||    49
       Headbutt          |    16 |    19 |    31 |   108 |   251 |    70 ||   495
       Battleaxe         |    40 |   100 |   145 |    18 |       |       ||   303
       Scythe            |       |       |       |   402 |       |       ||   402
       Spear             |       |       |       |    85 |   679 |       ||   764
       Punch             |       |       |       |     2 |       |       ||     2
       Trident           |       |       |       |       |   285 |   290 ||   575
Invok: Berserk           |       |       |     4 |     5 |    15 |     4 ||    28
       Brothers in Arms  |       |       |       |       |     1 |     5 ||     6
Evoke: Wand              |       |       |       |     2 |     4 |       ||     6
       Tin of tremorston |       |       |       |     2 |     4 |     3 ||     9
       Condenser vane    |       |       |       |       |     3 |     1 ||     4
       Lightning rod     |       |       |       |       |       |     3 ||     3
  Use: Scroll            |       |     8 |     3 |     4 |    14 |     3 ||    32
       Potion            |       |       |     2 |       |     5 |     1 ||     8
 Stab: Sleeping          |       |       |     1 |     1 |       |       ||     2
       Distracted        |       |       |       |     2 |    12 |       ||    14
       Confused          |       |       |       |       |    10 |       ||    10
Armor: Animal skin       |     8 |       |       |       |       |       ||     8
       Ring mail         |    23 |    43 |       |       |       |       ||    66
       Leather armour    |       |    14 |    45 |    55 |       |       ||   114
       Plate armour      |       |       |       |   232 |   366 |   129 ||   727
Dodge: Dodged            |    50 |    87 |   162 |   649 |   569 |   154 ||  1671
       Repelled          |       |       |       |       |     8 |    13 ||    21
Block: Buckler           |       |       |       |       |   309 |   131 ||   440
